 Dungeon Crawl Stone Soup version 0.29-a0-1047-g7c58e119a4 (webtiles) character file.

Game seed: 9593832890566997429

35 ytrimaz the Insei (level 3, 0/26 HPs)
             Began as a Demonspawn Transmuter on Aug 16, 2022.
             Killed from afar by a dart slug (2 damage)
             ... with a slug dart
             ... on level 2 of the Dungeon.
             The game lasted 00:03:06 (1426 turns).

ytrimaz the Insei (Demonspawn Transmuter)           Turns: 1426, Time: 00:03:07

Health: 0/26       AC:  2    Str: 10    XL:     3   Next: 17%
Magic:  6/6        EV: 16    Int: 16    God:
Gold:   128        SH:  4    Dex: 13    Spells: 3/6 levels left

rFire   . . .      SeeInvis .     - Unarmed
rCold   . . .      Faith    .   (no shield)
rNeg    . . .      Spirit   .   a - +0 robe
rPois   .          Reflect  .   (no helmet)
rElec   .          Harm     .   (no cloak)
rCorr   .          Rampage  .   (no gloves)
Will    .....                   (no boots)
Stlth   +.........              (no amulet)
HPRegen 0.08/turn               c - +4 ring of evasion
MPRegen 0.10/turn               (no ring)

@: no status effects
A: claws 1, condensation shield
a: no special abilities


You were on level 2 of the Dungeon.
You visited 1 branch of the dungeon, and saw 2 of its levels.

You collected 128 gold pieces.

Inventory:

Armour
 a - a +0 robe (worn)
Jewellery
 c - a +4 ring of evasion (left claw)
Potions
 b - a potion of lignification
 d - 2 potions of attraction


   Skills:
 - Level 1.0 Fighting
 + Level 2.1 Dodging
 + Level 3.6 Unarmed Combat
 - Level 2.0 Spellcasting
 + Level 2.0 Transmutations


You had 3 spell levels left.
You knew the following spells:

 Your Spells              Type           Power      Damage    Failure   Level
a - Beastly Appendage     Tmut           16%        N/A       9%          1
b - Wereblood             Tmut           8%         N/A       14%         2

Your spell library contained the following spells:

 Spells                   Type           Power      Damage    Failure   Level
 Spider Form              Tmut/Pois      4%         N/A       38%         3
 Dazzling Flash           Conj/Hex       2%         N/A       52%         3
 Ice Form                 Ice/Tmut       4%         N/A       80%         4
 Agony                    Necr           1%         N/A       99%         5
 Silence                  Hex/Air        0%         N/A       99%         5


Dungeon Overview and Level Annotations

Branches:
Dungeon (2/15)

Altars:


Innate Abilities, Weirdness & Mutations

You have sharp fingernails.
A meltable shield of frost defends you. (SH +4)


Message History

It is a scroll of identify.
d - 2 potions of attraction The gnoll hits you with a +0 whip.
The gnoll barely misses you.
Unknown command.
The gnoll attacks as you move away! The gnoll hits you with a +0 whip.
The gnoll attacks as you move away! You block the gnoll's attack.
The gnoll attacks as you move away! The gnoll misses you.
Your horns disappear.
Your talons disappear.
The gnoll attacks as you move away! The gnoll closely misses you.
Okay, then.
The gnoll attacks as you move away! The gnoll completely misses you.
The gnoll attacks as you move away! The gnoll completely misses you.
The gnoll attacks as you move away! The gnoll closely misses you.
The gnoll attacks as you move away! The gnoll hits you with a +0 whip.
The gnoll attacks as you move away! The gnoll hits you with a +0 whip.
The gnoll attacks as you move away! The gnoll barely misses you.
The gnoll attacks as you move away! The gnoll completely misses you.
You see here a +0 short sword.
The gnoll attacks as you move away! The gnoll barely misses you.
The gnoll attacks as you move away! The gnoll hits you with a +0 whip.
* * * LOW HITPOINT WARNING * * *
A dart slug comes into view.
Okay, then.
The gnoll closely misses you. x2
The gnoll hits you with a +0 whip.
* * * LOW HITPOINT WARNING * * *
The gnoll barely misses you. The dart slug launches a dart at you.
The slug dart misses you.
The slug dart hits the gnoll.
Found 8 gold pieces.
The dart slug launches a dart at you. The slug dart misses you.
Really walk into that dispersal trap?
You enter a dispersal trap!
The dart slug blinks!
The gnoll blinks! x2
The dart slug blinks!
You blink.
Found a book of Armaments.
Found a stone staircase leading up.
Unknown command.
The dart slug launches a dart at you. The slug dart hits you.
You die...

# #...# ####...#
+......## #........
#........ #.####### #####
###....P# #+#.#####.<..#
#.###'# ........@§...#
#.#...# ............$#
###.#.###
.............####.'.8....
....##......w#....#####._
:...##.......#........##P
..#.##....g..#......#####
. #.##.§..§..#..........#
#.##.......#.......####
#.##§..#.###.......# #


You could see a gnoll and a dart slug.

Vanquished Creatures
  A gnoll (D:2)
  A dart slug (D:1)
  4 ball pythons (D:1)
  3 bats (D:1)
  An endoplasm (D:2)
  A giant cockroach (D:1)
  2 quokkas (D:2)
  4 goblins (D:1)
  4 kobolds
  5 rats (D:1)
26 creatures vanquished.

Notes
Turn   | Place    | Note
-------+----------+-------------------------------------------
     0 | D:1      | ytrimaz the Demonspawn Transmuter began the quest for the
                  | Orb.
     0 | D:1      | Reached XP level 1. HP: 15/15 MP: 3/3
   273 | D:1      | Reached skill level 3 in Unarmed Combat
   339 | D:1      | Discovered your monstrous ancestry.
   339 | D:1      | Gained mutation: You have sharp fingernails. [demonic
                  | ancestry]
   339 | D:1      | Reached XP level 2. HP: 13/21 MP: 5/5
  1016 | D:2      | Found a faded altar of an unknown god.
  1258 | D:2      | Gained mutation: A meltable shield of frost defends you.
                  | (SH +4) [demonic ancestry]
  1258 | D:2      | Reached XP level 3. HP: 17/26 MP: 3/6
  1261 | D:2      | Learned a level 2 spell: Wereblood
  1426 | D:2      | Killed from afar by a dart slug

Illustrated notes

Levels and vault maps discovered:
D:1:      minmay_arrival_wavy_path, layout_loops_cross, minmay_heptomino_o4
D:2:      layout_basic, shapermc_ecumenical_altar_ellora, serial_corexii_hall,
          chequers_hall_statues_wall_a, chequers_hall_statues_y,
          chequers_serial_rivers_micro_d, minmay_statues_item

Skill      XL: |  1  2 |
---------------+-------+-----
Unarmed Combat | 3 |  3.6
Dodging        | 2 |  2.1
Transmutations | 2 |  2.0
Fighting       | |  1.0
Spellcasting   | |  2.0

Action                   || total
-------------------------++-------
Melee: Unarmed           ||    62
       Kick              ||     6
       Headbutt          ||     4
       Punch             ||     1
 Cast: Beastly Appendage ||     9
  Use: Scroll            ||     4
Armor: Robe              ||    14
Dodge: Dodged            ||    77
Block: Other             ||     3

Table legend: (Time is in decaauts)
 A = Elapsed time spent in this place.
 B = Non-inter-level travel time spent in this place.
 C = Inter-level travel time spent in this place.
 D = Time resting spent in this place.
 E = Time spent auto-exploring this place.
 F = Levels seen in this place.
 G = Mean time per level.
                   A        B        C        D        E       F      G
               +--------+--------+--------+--------+--------+-----+--------+
         Total |   1422 |   1398 |     24 |      0 |   1142 |   2 |  711.0 |
       Dungeon |   1422 |   1398 |     24 |      0 |   1142 |   2 |  711.0 |
               +--------+--------+--------+--------+--------+-----+--------+

Top non-repeatable levels by time:
     D:1: 926 daAuts
     D:2: 496 daAuts
